AoeStats
← KND

Arena

509779395Analyzed
4v4 RM · 3d ago on Sep 28, 2026· 33m 7s· 8 players
Game mode
Random Map
Map size
Large (8 player)
Population
200
Speed
Normal
Resources
Standard
Victory
Conquest
Starting age
Dark Age
Ending age
Imperial Age
RankedLock teamsTeams togetherTeam positionsShared explorationLock speedFull tech treeHidden civsTurbo modeCheats
Victory
Defeat
🇦🇷 Persians · Argentina
1539
+15
🇦🇷 Hindustanis · Argentina
1509
+16
🇦🇷 Bohemians · Argentina
1483
+17
🇨🇳 Mongols · China
1430
+19
🇨🇦 Malay · Canada
1554
-18
🇧🇷 Danes · Brazil
1504
-17
🇧🇷 Britons · Brazil
1486
-16
🇨🇳 Persians · China
1480
-16
GAX | This Game Isnt Fun
8:46 Feudal Age
8:25 Double-Bit Axe
8:41 Horse Collar
17:09 Castle Age
16:09 Loom
17:16 Bow Saw
17:16 Town Watch
21:39 Fletching
24:57 Imperial Age
24:00 Bodkin Arrow
Mr. M
10:08 Feudal Age
14:15 Castle Age
13:45 Horse Collar
13:51 Double-Bit Axe
21:02 Wheelbarrow
21:02 Bow Saw
21:24 Heavy Plow
28:03 Imperial Age
25:19 Loom
25:49 Gold Mining
25:50 Stone Mining
puting
9:48 Feudal Age
13:52 Castle Age
12:17 Double-Bit Axe
14:42 Bow Saw
20:05 Horse Collar
22:25 Gold Mining
25:14 Scale Barding Armor
28:08 Imperial Age
25:24 Loom
26:04 Forging
26:20 Bloodlines
KND
3:22 Loom
11:48 Feudal Age
12:28 Double-Bit Axe
15:21 Castle Age
13:08 Horse Collar
16:27 Bow Saw
17:53 Wheelbarrow
17:55 Heavy Plow
22:59 Hand Cart
28:57 Imperial Age
26:36 Gold Mining
26:37 Stone Mining
26:54 Fletching
27:38 Town Watch
28:21 Ballistics
28:42 Gold Shaft Mining
28:29 Bodkin Arrow
28:34 Padded Archer Armor
28:19 Treadmill Crane
29:51 Bracer
30:54 Chemistry
31:33 Leather Archer Armor
32:18 Yeomen
31:21 Elite Longbowman
32:38 Masonry
32:53 Yeomen
33:49 Two-Man Saw
33:33 Ring Archer Armor
pela
10:06 Feudal Age
10:19 Loom
13:38 Castle Age
11:48 Double-Bit Axe
18:56 Fervor
19:29 Sanctity
19:21 Redemption
22:07 Fletching
29:34 Chemistry
28:22 Horse Collar
Sevastokrator
10:41 Feudal Age
15:49 Castle Age
13:43 Double-Bit Axe
14:01 Horse Collar
16:51 Bow Saw
17:50 Wheelbarrow
22:39 Wheelbarrow
23:14 Stone Mining
25:41 Stone Shaft Mining
29:06 Imperial Age
27:41 Scale Mail Armor
27:49 Gold Mining
29:53 Chain Mail Armor
29:55 Squires
29:34 Siege Elephant
31:12 Forging
30:50 Arson
31:25 Siege Engineers
33:04 Iron Casting
32:17 Loom
32:18 Town Watch
Jjota
10:00 Feudal Age
14:12 Castle Age
12:24 Double-Bit Axe
14:58 Bow Saw
14:42 Horse Collar
16:12 Loom
24:50 Wheelbarrow
24:00 Town Watch
25:25 Heavy Plow
26:12 Hand Cart
26:52 Scale Barding Armor
26:58 Forging
29:53 Imperial Age
27:55 Chain Barding Armor
27:58 Bloodlines
27:49 Husbandry
29:27 Iron Casting
29:32 Cavalier
30:49 Plate Barding Armor
30:36 Conscription
30:53 Savar
33:01 Blast Furnace
2468899547
10:59 Feudal Age
12:05 Double-Bit Axe
14:30 Castle Age
12:33 Horse Collar
15:35 Bow Saw
15:29 Heavy Plow
19:52 Stone Mining
21:49 Loom
22:03 Gold Mining
24:25 Wheelbarrow
25:30 Gold Shaft Mining
25:34 Stone Shaft Mining
25:33 Fletching
25:44 Padded Archer Armor
25:46 Husbandry
26:46 Hand Cart
26:42 Bodkin Arrow
27:52 Ballistics
31:23 Imperial Age
29:57 Leather Archer Armor
31:27 Elite Mangudai
32:28 Conscription
32:12 Bracer
33:16 Chemistry
32:23 Siege Engineers
32:07 Capped Ram
Connection lost

Rejoining the realm…

Still unreachable

The connection could not be restored.

Session expired

The server has moved on; the page needs a fresh start.